 Dungeon Crawl Stone Soup version 0.19-a0-1932-g59670f6 (webtiles) character file.

39 tsouns the Slasher (level 3, 0/26 HPs)
             Began as a Halfling Monk on Oct 25, 2016.
             Slain by a bat (1 damage)
             ... on level 2 of the Dungeon.
             The game lasted 00:03:10 (1161 turns).

tsouns the Slasher (Halfling Monk)                  Turns: 1161, Time: 00:03:11

Health: 0/26       AC:  2    Str: 13    XL:     3   Next: 67%
Magic:  3/3        EV: 16    Int:  8    God:
Gold:   73         SH:  0    Dex: 16    Spells: 0 memorised, 2 levels left

rFire  . . .     SeeInvis .     a - +0 falchion
rCold  . . .     Gourm    .     b - +0 robe
rNeg   . . .     Faith    .     (shield restricted)
rPois  +         Spirit   .     (no helmet)
rElec  .         Reflect  .     (no cloak)
rCorr  .         Harm     .     (no gloves)
MR     .....                    (no boots)
Stlth  ++........               (no amulet)
                                (no ring)
                                p - ring of poison resistance

@: no status effects
A: mutation resistance 1
a: no special abilities


You were on level 2 of the Dungeon.
You were not hungry.

You visited 1 branch of the dungeon, and saw 2 of its levels.

You collected 73 gold pieces.

Inventory:

Hand Weapons
 a - a +0 falchion (weapon)
Missiles
 k - 51 stones (quivered)
Armour
 b - a +0 robe (worn)
Jewellery
 p - a ring of poison resistance (left hand)
Scrolls
 f - 4 scrolls of remove curse {unknown}
 g - 3 scrolls of identify {unknown}
 h - a scroll of noise {unknown}
 m - a scroll of blinking {unknown}
Potions
 d - a potion of flight {unknown}
 e - a potion of ambrosia {unknown}
 i - a potion of mutation
 j - 2 potions of cure mutation {unknown}
 q - a potion of heal wounds {unknown}
Comestibles
 c - a bread ration
 l - 5 chunks of flesh
 o - 2 fruits


   Skills:
 + Level 3.1 Fighting
 * Level 4.0 Long Blades
 - Level 3.2 Dodging
 - Level 2.1 Stealth


You had 2 spell levels left.
You didn't know any spells.

Dungeon Overview and Level Annotations

Branches:
Dungeon (2/15)

Altars:


Innate Abilities, Weirdness & Mutations

You are small and have problems with some larger weapons.
You are somewhat resistant to further mutation.


Message History

The dart slug is almost dead.
The goblin closely misses you.
You slash the dart slug!
You kill the dart slug!
The goblin misses you.
You riposte.
You closely miss the goblin. You closely miss the goblin.
The goblin hits you with a club.
* * * LOW HITPOINT WARNING * * *
You hit the goblin.
The goblin is moderately wounded.
The goblin barely misses you.
You riposte.
You closely miss the goblin.
The goblin is moderately wounded.
You miss the goblin.
The goblin is moderately wounded.
The goblin hits you with a club.
* * * LOW HITPOINT WARNING * * *
It was a potion of mutation.
You feel extremely strange. The bat closely misses you.
You riposte.
You hit the bat.
The bat is heavily wounded.
The bat hits you.
You die...

...............................>.
...#............................
...###.......##.#######.......#
...#######...#รท....# . .......#
...#<......#.#..<..#.###......#
######.....#.#..####.#b.......#
#.....+....##...#.##.....#
#.....##...##.###.#......#
#.....##...@bg....#......#
###....##..###.####.######
#.......#........ #.#
#.......#..###....#.#
#.......#..# .....#.#
#.......#..# ####.#.#
#.......#..# .#.# #..........#
####'### ##########># #......#


You could see a goblin and a bat.

Vanquished Creatures
  A dart slug (D:2)
  2 leopard geckos (D:2)
  7 bats
  3 giant cockroaches (D:1)
  4 hobgoblins (D:1)
  2 jackals (D:2)
  3 frilled lizards
  4 goblins (D:1)
  7 kobolds (D:1)
  3 rats
36 creatures vanquished.

Notes
Turn   | Place    | Note
-------+----------+-------------------------------------------
     0 | D:1      | tsouns the Halfling Monk began the quest for the Orb.
     0 | D:1      | Reached XP level 1. HP: 15/15 MP: 1/1
    58 | D:1      | Reached XP level 2. HP: 19/20 MP: 2/2
   504 | D:1      | Reached XP level 3. HP: 15/26 MP: 3/3
  1121 | D:2      | Reached skill level 4 in Long Blades
  1153 | D:2      | HP: 1/26 [goblin/club (4)]
  1161 | D:2      | Slain by a bat

Vault maps used:
D:1:      lightli_arrival_statue_moat

Skill      XL: |  1  2  3 |
---------------+----------+-----
Fighting       | 3 |  3.1
Long Blades    | 4 |  4.0
Dodging        | |  3.2
Stealth        | |  2.1

Action                   || total
-------------------------++-------
Melee: Falchion          ||    90
  Use: Potion            ||     1
 Stab: Sleeping          ||     7
       Distracted        ||     1
  Eat: Beef jerky        ||     1
Armor: Robe              ||     8
Dodge: Dodged            ||    70
       Rpst.: Falchion   ||    29
